 Dungeon Crawl Stone Soup version 0.22-a0-824-g1ca9aab89c (webtiles) character file.

29894 Gingernuke the Bludgeoner (level 13, -10/122 HPs)
             Began as a Minotaur Berserker on July 24, 2018.
             Was a High Priest of Trog.
             Mangled by a dire elephant (20 damage)
             ... on level 6 of the Lair of Beasts.
             The game lasted 00:38:20 (15360 turns).

Gingernuke the Bludgeoner (Minotaur Berserker)     Turns: 15360, Time: 00:38:22

Health: -10/122    AC: 24    Str: 22    XL:     13   Next: 17%
Magic:  25/25      EV: 12    Int: 10    God:    Trog [*****.]
Gold:   839        SH:  4    Dex: 19    Spells: 12/12 levels left

rFire    . . .     SeeInvis +   d - +6 dire flail "Fim Mygy" {freeze, *Rage rPois Int+4 Dex+4}
rCold    + . .     Gourm    .   (shield currently unavailable)
rNeg     + . .     Faith    .   B - +0 pearl dragon scales
rPois    +         Spirit   .   H - +2 hat
rElec    .         Reflect  +   S - +0 cloak "Ogyato" {rC+ rCorr Int+2 Dex+4}
rCorr    +         Harm     .   C - +1 pair of gloves
MR       ++...     Rnd*Rage +   (no boots)
Stlth    ..........             p - +4 amulet of reflection
HPRegen  1.30/turn              s - +2 ring of protection
MPRegen  0.19/turn              v - ring of Egga {+Blink MP+9 Str-4 SInv}

@: regenerating
A: retaliatory headbutt, horns 2
a: Berserk, Trog's Hand, Brothers in Arms, Renounce Religion, Evoke Blink


You were on level 6 of the Lair of Beasts.
You worshipped Trog.
Trog was extremely pleased with you.
You were hungry.

You visited 2 branches of the dungeon, and saw 16 of its levels.

You collected 839 gold pieces.

Inventory:

Hand Weapons
 a - a +2 antimagic demon whip
 b - the +6 great mace of Trog's Anger {crush, Int+4}
   (Trog gifted it to you on level 10 of the Dungeon)

   It inflicts extra damage upon your enemies.
   It affects your intelligence (+4).
 d - the +6 dire flail "Fim Mygy" (weapon) {freeze, *Rage rPois Int+4 Dex+4}
   (Trog gifted it to you on level 5 of the Lair of Beasts)

   It has been specially enchanted to freeze those struck by it, causing extra
   injury to most foes and up to half again as much damage against particularly
   susceptible opponents.
   It can also slow down cold-blooded creatures.
   It affects your intelligence (+4).
   It affects your dexterity (+4).
   It protects you from poison.
   It may make you go berserk in combat.
Missiles
 z - 2 tomahawks
 D - 9 javelins (quivered)
Armour
 B - +0 pearl dragon scales (worn)
 C - a +1 pair of gloves (worn)
 H - a +2 hat (worn)
 S - the +0 cloak "Ogyato" (worn) {rC+ rCorr Int+2 Dex+4}
   (You found it on level 1 of the Lair of Beasts)

   It affects your intelligence (+2).
   It affects your dexterity (+4).
   It protects you from cold.
   It provides partial protection from all sources of acid and corrosion.
Jewellery
 p - a +4 amulet of reflection (around neck)
 s - a +2 ring of protection (left hand)
 v - the ring of Egga (right hand) {+Blink MP+9 Str-4 SInv}
   (You found it on level 10 of the Dungeon)

   [ring of magical power]

   It affects your strength (-4).
   It affects your magic capacity (+9).
   It lets you see invisible.
   It lets you blink.
 P - an uncursed ring of protection from magic
Wands
 y - a wand of disintegration (11)
 A - a wand of acid (8)
 F - a wand of random effects (25)
 G - a wand of flame (32)
 K - a wand of enslavement (33)
 O - a wand of digging (16)
 V - a wand of paralysis (25)
Scrolls
 e - 3 scrolls of fog
 f - 3 scrolls of magic mapping
 k - 4 scrolls of enchant weapon
 l - a scroll of brand weapon {unknown}
 n - 11 scrolls of teleportation
 r - 2 scrolls of fear
 t - a scroll of enchant armour {unknown}
 w - a scroll of blinking
 x - 4 scrolls of remove curse
 L - a scroll of summoning {unknown}
 Q - a scroll of amnesia {unknown}
 R - a scroll of holy word {unknown}
 U - a scroll of silence {unknown}
 Y - 2 scrolls of torment {unknown}
Potions
 g - a potion of ambrosia
 h - 4 potions of heal wounds
 i - a potion of magic
 j - 7 potions of lignification
 m - 4 potions of berserk rage
 o - 7 potions of curing
 q - 2 potions of mutation
 u - 2 potions of brilliance
 E - a potion of invisibility
 I - 3 potions of flight
 J - a potion of agility
 M - 4 potions of resistance
 N - a potion of might {unknown}
 T - a potion of cancellation {unknown}
Comestibles
 c - 29 rations
 W - 7 chunks of flesh


   Skills:
 + Level 13.5 Fighting
 * Level 17.5 Maces & Flails
 + Level 12.8 Armour
 - Level 2.8 Dodging
 - Level 0.7 Stealth
 + Level 5.3 Evocations


You had 12 spell levels left.
You didn't know any spells.
Your spell library was empty.

Dungeon Overview and Level Annotations

Branches:
Dungeon (10/15)            Temple (0/1) D:5            Lair (6/6) D:10
 Shoals (0/4) Lair:2        Snake (0/4) Lair:4
  Slime: Lair:5-6       Orc: D:9-12

Altars:
Fedhas
Kikubaaqudgha
Makhleb
Qazlal
Ru
Sif Muna
Uskayaw
Vehumet
Xom
Yredelemnul
The Shining One

Shops:
D:5 :

Annotations:
D:6 exclusion: spectral thing


Innate Abilities, Weirdness & Mutations

You reflexively headbutt those who attack you in melee.
You have a pair of horns on your head.


Message History

Unknown command.
Your skin crawls.
You feel resistant to hostile enchantments.
You are feeling hungry.
The deep troll shaman bites you but does no damage.
The deep troll shaman claws you but does no damage.
The deep troll shaman claws you.
* * * LOW HITPOINT WARNING * * *
The death yak gores you.
* * * LOW HITPOINT WARNING * * *
The dire elephant tramples you.
* * * LOW HITPOINT WARNING * * *
You stumble backwards!
Your troll goes berserk!
You feel quite a bit more hungry.
The death yak stops moving altogether!
The deep troll shaman bites you but does no damage.
The deep troll shaman barely misses you.
You block the deep troll shaman's attack.
The dire elephant tramples you!!
You die...

.P#.P.# ##...#).8.
.8.## #....##.÷.
..÷.# #P....#...
#..÷#
#.....#.8.####...#
#.....#.....#....#
#
##..÷.##.8.......#
P#
##....#..÷TT...#
.# ##...###.@YY(.#
.#
#.....###.Y.÷#.#
##P.....##.÷...#
##.....P##..P.♣#
###.....†...P.#
########...##
###.# ##


You could see a dire elephant, a death yak (petrified), a catoblepas, a deep
troll shaman and a friendly troll (berserk).

Vanquished Creatures
  Erolcha (D:9)
  4 hydras
  3 death yaks (Lair:6)
  4 elephants (Lair:6)
  2 black mambas
  Psyche (D:10)
  5 spiny frogs
  A rime drake (Lair:5)
  3 komodo dragons
  3 trolls
  2 polar bears
  7 blink frogs
  5 hippogriffs
  Sigmund (D:2)
  A spriggan (D:7)
  A basilisk (Lair:3)
  3 wyverns
  19 yaks
  A steam dragon (D:10)
  3 nagas (Lair:4)
  10 water moccasins
  10 porcupines
  4 orc warriors
  3 sky beasts
  4 ice beasts
  2 black bears
  An eye of draining (D:10)
  3 ogres
  10 wolves
  5 centaurs
  A necrophage (D:5)
  9 crocodiles
  A big kobold (D:7)
  12 bullfrogs
  4 scorpions
  4 killer bees (D:7)
  4 jellies
  7 crimson imps
  A bullfrog zombie (D:6)
  A bullfrog skeleton (D:5)
  5 hounds
  4 orc priests
  2 iguanas (D:10)
  18 orc wizards
  7 worker ants
  3 hound skeletons
  A worker ant zombie (D:7)
  A howler monkey zombie (D:10)
  7 gnolls
  11 adders
  2 shadow imps
  An ooze (D:1)
  2 adder zombies
  2 adder skeletons
  5 worms
  2 dart slugs (D:1)
  8 leopard geckos
  46 orcs
  10 bats
  4 giant cockroaches
  5 goblins
  4 hobgoblins
  16 jackals
  4 quokkas
  4 frilled lizards
  14 kobolds
  A quokka skeleton (D:7)
  6 rats
  A bush (Lair:4)
362 creatures vanquished.

Vanquished Creatures (others)
  2 death yaks (Lair:6)
  27 fungi
  17 plants
46 creatures vanquished.

Grand Total: 408 creatures vanquished

Notes
Turn   | Place    | Note
-------+----------+-------------------------------------------
     0 | D:1      | Gingernuke the Minotaur Berserker began the quest for the Orb.
     0 | D:1      | Reached XP level 1. HP: 19/19 MP: 0/0
   200 | D:1      | Reached XP level 2. HP: 23/27 MP: 1/1
   250 | D:1      | Reached skill level 4 in Maces & Flails
  1004 | D:2      | Reached XP level 3. HP: 34/34 MP: 2/2
  1229 | D:2      | Reached ** piety under Trog
  1236 | D:2      | Noticed Sigmund
  1512 | D:2      | Found a radiant altar of Vehumet.
  1575 | D:2      | Killed Sigmund
  1575 | D:2      | Reached skill level 5 in Fighting
  1575 | D:2      | Reached skill level 5 in Maces & Flails
  1575 | D:2      | Reached XP level 4. HP: 16/42 MP: 1/3
  1575 | D:2      | Reached XP level 5. HP: 18/48 MP: 1/4
  2061 | D:2      | Reached skill level 6 in Maces & Flails
  2124 | D:3      | Reached XP level 6. HP: 56/56 MP: 5/5
  2764 | D:3      | Found a shimmering altar of Xom.
  3161 | D:4      | Found a glowing golden altar of the Shining One.
  3352 | D:4      | Reached *** piety under Trog
  3530 | D:4      | Reached XP level 7. HP: 63/63 MP: 6/6
  3533 | D:4      | Reached skill level 7 in Maces & Flails
  3624 | D:4      | Got a translucent ring mail
  3756 | D:4      | Identified the cursed +0 ring mail "Kiqeetig" {Dex+3} (You found it on level 4 of the Dungeon)
  3945 | D:4      | Found a blossoming altar of Fedhas.
  4005 | D:5      | Entered Level 5 of the Dungeon
  4187 | D:5      | Reached skill level 8 in Maces & Flails
  4187 | D:5      | Reached skill level 5 in Armour
  4190 | D:5      | Found a staircase to the Ecumenical Temple.
  4244 | D:5      | Reached XP level 8. HP: 31/73 MP: 7/7
  4870 | D:5      | Reached **** piety under Trog
  4902 | D:5      | Found an ancient bone altar of Kikubaaqudgha.
  5308 | D:5      | Found Meacoc's Book Shop.
  5432 | D:6      | Reached skill level 9 in Maces & Flails
  5967 | D:6      | Found a basalt altar of Yredelemnul.
  5982 | D:6      | Found a hide-covered altar of Uskayaw.
  6182 | D:7      | Reached skill level 10 in Maces & Flails
  6198 | D:7      | Found a burning altar of Makhleb.
  6269 | D:7      | Reached XP level 9. HP: 82/82 MP: 8/8
  6304 | D:7      | Reached ***** piety under Trog
  6598 | D:7      | Noticed a deep elf mage
  6603 | D:7      | Reached skill level 11 in Maces & Flails
  7060 | D:7      | Found a deep blue altar of Sif Muna.
  7582 | D:8      | Reached skill level 12 in Maces & Flails
  8025 | D:8      | Reached XP level 10. HP: 92/92 MP: 9/9
  8236 | D:8      | Reached skill level 14 in Maces & Flails
  8236 | D:8      | Reached skill level 10 in Armour
  8236 | D:8      | Reached XP level 11. HP: 102/102 MP: 10/10
  8452 | D:9      | Noticed Erolcha
  8470 | D:9      | Killed Erolcha
  8622 | D:9      | Found a sacrificial altar of Ru.
  9078 | D:9      | Found a stormy altar of Qazlal.
  9109 | D:10     | Entered Level 10 of the Dungeon
  9344 | D:10     | Found a staircase to the Lair.
  9445 | D:10     | Reached skill level 15 in Maces & Flails
  9541 | D:10     | Noticed Psyche
  9545 | D:10     | Paralysed by Psyche for 6 turns
  9561 | D:10     | Killed Psyche
  9637 | D:10     | Got an ancient silver ring
  9705 | D:10     | Received a gift from Trog
  9713 | D:10     | Got a polished great mace {god gift}
  9714 | D:10     | Identified the +6 great mace of Trog's Anger {crush, Int+4} (Trog gifted it to you on level 10 of the Dungeon)
  9722 | D:10     | Identified the ring of Egga {+Blink MP+9 Str-4 SInv} (You found it on level 10 of the Dungeon)
  9851 | Lair:1   | Entered Level 1 of the Lair of Beasts
 10087 | Lair:1   | Reached skill level 1 in Evocations
 10788 | Lair:1   | Got a spiked cloak
 10800 | Lair:1   | Identified the cursed +0 cloak "Ogyato" {rC+ rCorr Int+2 Dex+4} (You found it on level 1 of the Lair of Beasts)
 11116 | Lair:2   | Found a staircase to the Shoals.
 12026 | Lair:3   | Noticed a six-headed hydra
 12038 | Lair:3   | Reached XP level 12. HP: 102/113 MP: 12/12
 12054 | Lair:3   | Killed a six-headed hydra
 12054 | Lair:3   | Reached skill level 16 in Maces & Flails
 12409 | Lair:3   | Noticed a seven-headed hydra
 12416 | Lair:3   | Killed a seven-headed hydra
 12869 | Lair:4   | Found a staircase to the Snake Pit.
 13259 | Lair:4   | Noticed a six-headed hydra
 13269 | Lair:4   | Killed a six-headed hydra
 14125 | Lair:5   | Reached skill level 17 in Maces & Flails
 14800 | Lair:5   | Received a gift from Trog
 14803 | Lair:5   | Got a steaming dire flail {god gift}
 14804 | Lair:5   | Identified the +6 dire flail "Fim Mygy" {freeze, *Rage rPois Int+4 Dex+4} (Trog gifted it to you on level 5 of the Lair of Beasts)
 15088 | Lair:6   | Entered Level 6 of the Lair of Beasts
 15088 | Lair:6   | Noticed an eight-headed hydra
 15097 | Lair:5   | Killed an eight-headed hydra
 15242 | Lair:6   | Reached XP level 13. HP: 122/122 MP: 15/15
 15247 | Lair:6   | Reached skill level 5 in Evocations
 15349 | Lair:6   | Noticed a dire elephant
 15360 | Lair:6   | Mangled by a dire elephant

Vault maps used:
D:1:      dpeg_arrival_tiny_a, feat_on_display
D:2:      fiery_altar_vehumet, uniq_sigmund
D:3:      marbit_many_paths
D:4:      nicolae_tso_carved_into_rock, nicolae_overflow_hidden_temple,
          lemuel_coloured_pillars_altar, minmay_misc_feat_tower
D:5:      minmay_temple_entry_mist, basic_altar, serial_shops,
          nicolae_shop_trees, first_ration
D:6:      yredelemnul_forgotten_temple_becter, eat_drink_and_be_merry_uskayaw
D:7:      tgw_sif, basic_altar, the_bakery, lightli_corner_chamber
D:9:      kennysheep_mini_moat, nicolae_ru_great_annihilating_truth,
          uniq_erolcha
D:10:     due_lair_maze_entry_diamond, uniq_psyche
Lair:2:   minmay_shoals_entry_centaurs
Lair:4:   minmay_snake_entry_guardpost_small, grunt_megastairs_3
Lair:5:   serial_bayou_pond_d
Lair:6:   grunt_lair_end_beastmaster, nicolae_slime_entry_slimehenge,
          minivault_27, uniq_nessos, uniq_kirke

Skill      XL: |  1  2  3  4  5  6  7  8  9 10 11 12 13 |
---------------+----------------------------------------+-----
Maces & Flails | 4 5 6 8 10 12 14 15 17 | 17.5
Fighting       | 4 5 6 7 8 9 11 12 13 | 13.5
Armour         | 3 4 5 6 8 10 11 12 | 12.8
Evocations     | 2 4 5 |  5.3
Dodging        | |  2.8
Stealth        | |  0.7

Action                   |  1- 3 |  4- 6 |  7- 9 | 10-12 | 13-15 || total
-------------------------+-------+-------+-------+-------+-------++-------
Melee: Mace              |    84 |   117 |       |       |       ||   201
       Headbutt          |     9 |    18 |    62 |    84 |    11 ||   184
       Flail             |       |    27 |   351 |    40 |       ||   418
       Great mace        |       |       |       |   282 |       ||   282
       Morningstar       |       |       |       |    55 |       ||    55
       Demon whip        |       |       |       |    24 |       ||    24
       Dire flail        |       |       |       |    10 |    39 ||    49
Throw: Tomahawk          |       |     1 |     6 |     1 |       ||     8
       Javelin           |       |       |     4 |       |     1 ||     5
Invok: Berserk           |       |     1 |     5 |     3 |       ||     9
       Trog's Hand       |       |       |       |     1 |     1 ||     2
       Brothers in Arms  |       |       |       |     1 |     1 ||     2
Evoke: Wand              |       |       |       |     1 |       ||     1
  Use: Scroll            |     1 |     4 |    10 |    12 |       ||    27
       Potion            |     1 |       |       |     1 |       ||     2
 Stab: Sleeping          |     1 |       |       |       |       ||     1
       Paralysed         |       |       |       |     2 |       ||     2
  Eat: Chunk             |     2 |     8 |    12 |    25 |     1 ||    48
       Ration            |       |       |     2 |       |       ||     2
Armor: Animal skin       |     9 |       |       |       |       ||     9
       Scale mail        |     9 |       |       |       |       ||     9
       Plate armour      |    21 |    57 |    91 |       |       ||   169
       Pearl dragon scal |       |       |    64 |   218 |    17 ||   299
Dodge: Dodged            |    43 |    44 |   136 |   176 |    16 ||   415
Block: Other             |       |    17 |    54 |    56 |     3 ||   130
       Reflection        |       |       |     3 |     1 |       ||     4

Table legend:
 A = Spawn XP
 B = Non-spawn XP
 C = Spawn XP percentage of total XP
 D = Spawn monster count
 E = Non-spawn monster count
 F = Spawn count percentage of total count
 G = Total turns spent on level
                    A         B        C        D         E        F      G
               +---------+---------+-------+---------+---------+-------+---------
         Total |       0 |   37171 |   0.0 |       0 |     361 |   0.0 | 15360
               +---------+---------+-------+---------+---------+-------+---------
           D:1 |       0 |      44 |   0.0 |       0 |      21 |   0.0 |  1174
           D:2 |       0 |     330 |   0.0 |       0 |      22 |   0.0 |  1140
           D:3 |       0 |     136 |   0.0 |       0 |      21 |   0.0 |   562
           D:4 |       0 |     429 |   0.0 |       0 |      28 |   0.0 |  1136
           D:5 |       0 |     824 |   0.0 |       0 |      28 |   0.0 |  1398
           D:6 |       0 |     740 |   0.0 |       0 |      30 |   0.0 |   939
           D:7 |       0 |    1879 |   0.0 |       0 |      47 |   0.0 |  1119
           D:8 |       0 |    1239 |   0.0 |       0 |      21 |   0.0 |   902
           D:9 |       0 |    1825 |   0.0 |       0 |      11 |   0.0 |   739
          D:10 |       0 |    2624 |   0.0 |       0 |      26 |   0.0 |   742
        Lair:1 |       0 |    2415 |   0.0 |       0 |      15 |   0.0 |  1044
        Lair:2 |       0 |    2879 |   0.0 |       0 |      15 |   0.0 |  1047
        Lair:3 |       0 |    5589 |   0.0 |       0 |      22 |   0.0 |   711
        Lair:4 |       0 |    5559 |   0.0 |       0 |      21 |   0.0 |  1159
        Lair:5 |       0 |    5557 |   0.0 |       0 |      23 |   0.0 |  1416
        Lair:6 |       0 |    5102 |   0.0 |       0 |      10 |   0.0 |   132
               +---------+---------+-------+---------+---------+-------+---------
